General information
- name: BNet
- type: Ladder team game (AT/RT)
- host: Battle.net
- saver: BananaReward
map: SunrockCove
- players: 6
- length: 155:27
- speed: Fast
- version: 1.26 W3XP
- replay type:

» download(1009 KB)
Players
team 1 (winner)
BananaReward (
orange | 93 APM | 14400 actions | 155:26)
6 Archmage
3 Blizzard
2 Brilliance Aura
1 Mass Teleport
7 Mountain King
3 Storm Bolt
3 Bash
1 Avatar
7 Paladin
3 Holy Light
3 Divine Shield
1 Devotion Aura
» actions
| Assign group hotkey | 369 | |
| Basic commands | 125 | |
| Build / train | 236 | |
| Enter build submenu | 161 | |
| Enter hero's abilities submenu | 20 | |
| Give item / drop item | 11 | |
| Remove unit from queue | 2 | |
| Right click | 7316 | |
| Select / deselect | 1330 | |
| Select group hotkey | 3915 | |
| Use ability | 914 | |
14400 total
» units
| Peasant | 27 | |
| Goblin Zeppelin | 2 | |
| Dragonhawk Rider | 21 | |
| Sorceress | 1 | |
| Priest | 1 | |
52 total
» upgrades
| Masonry | 3 | |
| Lumber Harvesting | 2 | |
| Magic Sentry | 1 | |
| Cloud | 1 | |
| Swords | 3 | |
| Armor | 3 | |
| Animal War Training | 1 | |
| Sorceress Training | 2 | |
| Priest Training | 2 | |
| Control Magic | 1 | |
19 total
» buildings
| Altar of Kings | 2 | |
| Farm | 12 | |
| Lumber Mill | 1 | |
| Scout Tower | 187 | |
| Arcane Tower | 28 | |
| Guard Tower | 94 | |
| Keep | 2 | |
| Arcane Vault | 5 | |
| Castle | 2 | |
| Arcane Sanctum | 1 | |
| Town Hall | 6 | |
| Gryphon Aviary | 1 | |
| Barracks | 1 | |
| Blacksmith | 1 | |
343 total
» build order
00:19 Altar of Kings
00:35 Farm
00:56 Lumber Mill
01:06 Farm
01:35 Scout Tower
01:41 Farm
01:55 Scout Tower
01:57 Scout Tower
01:58 Scout Tower
02:02 Arcane Tower
02:04 Scout Tower
02:05 Scout Tower
02:24 Arcane Tower
02:32 Guard Tower
03:33 Guard Tower
03:35 Scout Tower
03:36 Scout Tower
03:39 Guard Tower
03:39 Guard Tower
03:41 Scout Tower
03:42 Scout Tower
04:04 Keep
04:07 Guard Tower
04:07 Guard Tower
04:09 Scout Tower
04:30 Guard Tower
04:38 Scout Tower
04:39 Scout Tower
05:02 Farm
05:18 Guard Tower
05:21 Guard Tower
05:23 Scout Tower
05:24 Scout Tower
05:27 Guard Tower
06:06 Guard Tower
06:14 Arcane Vault
06:15 Scout Tower
06:16 Scout Tower
06:28 Guard Tower
06:32 Arcane Vault
06:34 Scout Tower
06:38 Castle
06:46 Arcane Sanctum
07:46 Arcane Tower
08:06 Arcane Tower
08:12 Guard Tower
08:13 Scout Tower
08:19 Scout Tower
08:57 Guard Tower
09:00 Scout Tower
09:01 Scout Tower
09:11 Scout Tower
09:12 Guard Tower
10:02 Scout Tower
10:03 Scout Tower
10:04 Scout Tower
10:05 Scout Tower
10:06 Scout Tower
10:08 Guard Tower
10:09 Scout Tower
10:23 Guard Tower
10:51 Scout Tower
10:57 Guard Tower
11:01 Scout Tower
11:53 Guard Tower
12:32 Farm
12:44 Arcane Tower
12:51 Arcane Vault
14:10 Town Hall
14:12 Scout Tower
14:12 Scout Tower
14:13 Scout Tower
14:15 Scout Tower
14:15 Scout Tower
14:16 Scout Tower
14:21 Scout Tower
14:21 Scout Tower
14:45 Arcane Tower
14:55 Scout Tower
14:56 Scout Tower
14:56 Scout Tower
14:57 Scout Tower
14:57 Scout Tower
14:58 Scout Tower
15:13 Guard Tower
15:29 Scout Tower
15:30 Scout Tower
15:47 Arcane Tower
15:48 Guard Tower
15:50 Scout Tower
15:50 Scout Tower
16:02 Scout Tower
16:03 Scout Tower
16:05 Scout Tower
16:05 Scout Tower
16:06 Scout Tower
16:14 Guard Tower
16:17 Guard Tower
16:25 Scout Tower
16:25 Scout Tower
16:40 Guard Tower
16:44 Guard Tower
17:17 Scout Tower
17:20 Guard Tower
17:23 Scout Tower
17:23 Scout Tower
17:26 Arcane Tower
17:46 Guard Tower
17:47 Scout Tower
17:53 Guard Tower
17:53 Guard Tower
18:23 Guard Tower
18:25 Guard Tower
18:53 Scout Tower
18:54 Scout Tower
18:55 Scout Tower
18:55 Scout Tower
18:56 Scout Tower
18:57 Scout Tower
18:57 Scout Tower
18:58 Scout Tower
19:06 Town Hall
19:07 Scout Tower
19:09 Scout Tower
19:10 Scout Tower
19:10 Scout Tower
19:12 Scout Tower
19:13 Scout Tower
19:14 Scout Tower
19:14 Scout Tower
19:15 Scout Tower
19:15 Scout Tower
19:17 Scout Tower
19:24 Arcane Tower
19:51 Arcane Tower
19:52 Arcane Tower
20:02 Arcane Tower
20:10 Guard Tower
20:10 Guard Tower
20:18 Guard Tower
20:27 Scout Tower
20:52 Guard Tower
20:54 Guard Tower
20:59 Scout Tower
21:00 Guard Tower
21:02 Scout Tower
21:08 Guard Tower
21:24 Guard Tower
21:37 Guard Tower
21:45 Guard Tower
21:46 Scout Tower
21:51 Scout Tower
21:52 Scout Tower
21:52 Guard Tower
21:57 Scout Tower
22:31 Guard Tower
22:32 Guard Tower
22:34 Scout Tower
22:35 Guard Tower
22:40 Scout Tower
22:41 Scout Tower
22:49 Guard Tower
22:51 Scout Tower
22:52 Scout Tower
22:59 Scout Tower
23:00 Scout Tower
23:04 Guard Tower
23:07 Scout Tower
23:31 Guard Tower
23:32 Guard Tower
23:34 Guard Tower
23:36 Guard Tower
23:38 Scout Tower
23:39 Scout Tower
23:41 Scout Tower
23:43 Scout Tower
23:43 Guard Tower
24:18 Guard Tower
24:28 Guard Tower
24:30 Guard Tower
24:32 Scout Tower
24:34 Scout Tower
24:34 Scout Tower
25:01 Guard Tower
25:03 Guard Tower
25:06 Scout Tower
25:07 Scout Tower
25:08 Scout Tower
25:11 Scout Tower
25:12 Guard Tower
25:58 Guard Tower
26:01 Guard Tower
26:07 Guard Tower
26:07 Guard Tower
26:09 Scout Tower
26:10 Scout Tower
26:11 Scout Tower
26:32 Guard Tower
26:58 Scout Tower
27:14 Arcane Vault
27:16 Scout Tower
28:13 Guard Tower
28:14 Scout Tower
28:16 Scout Tower
28:16 Scout Tower
28:26 Scout Tower
28:27 Scout Tower
28:28 Scout Tower
29:06 Guard Tower
29:31 Scout Tower
29:50 Guard Tower
29:52 Guard Tower
30:39 Town Hall
30:50 Arcane Vault
30:55 Scout Tower
30:56 Scout Tower
30:58 Scout Tower
30:59 Scout Tower
31:00 Scout Tower
31:01 Scout Tower
31:02 Scout Tower
31:03 Scout Tower
31:24 Guard Tower
31:31 Guard Tower
32:42 Guard Tower
32:46 Scout Tower
32:47 Scout Tower
32:47 Scout Tower
32:51 Scout Tower
33:32 Guard Tower
33:42 Guard Tower
33:45 Scout Tower
33:46 Scout Tower
34:41 Scout Tower
34:49 Guard Tower
35:07 Guard Tower
35:09 Scout Tower
35:10 Scout Tower
35:36 Scout Tower
35:36 Scout Tower
35:38 Scout Tower
35:40 Scout Tower
35:41 Guard Tower
36:30 Guard Tower
36:32 Scout Tower
36:36 Scout Tower
36:44 Guard Tower
36:46 Scout Tower
36:46 Scout Tower
36:47 Scout Tower
36:47 Scout Tower
36:50 Scout Tower
36:55 Scout Tower
36:56 Scout Tower
36:59 Scout Tower
37:00 Guard Tower
37:14 Arcane Tower
37:26 Guard Tower
37:28 Scout Tower
37:29 Scout Tower
37:31 Guard Tower
37:34 Scout Tower
37:34 Guard Tower
37:36 Scout Tower
37:37 Scout Tower
37:40 Scout Tower
37:40 Scout Tower
37:46 Scout Tower
37:47 Scout Tower
37:48 Scout Tower
37:49 Scout Tower
37:49 Scout Tower
37:50 Scout Tower
38:13 Arcane Tower
38:18 Arcane Tower
38:20 Guard Tower
38:22 Guard Tower
38:38 Scout Tower
38:40 Scout Tower
38:57 Guard Tower
39:05 Guard Tower
39:06 Guard Tower
39:32 Guard Tower
39:53 Guard Tower
40:07 Arcane Tower
40:17 Scout Tower
40:18 Scout Tower
43:14 Guard Tower
43:20 Arcane Tower
43:27 Scout Tower
43:27 Scout Tower
43:28 Scout Tower
43:28 Scout Tower
43:33 Scout Tower
44:06 Guard Tower
44:09 Scout Tower
44:09 Scout Tower
45:05 Guard Tower
45:08 Arcane Tower
45:11 Guard Tower
45:19 Guard Tower
45:52 Scout Tower
45:53 Scout Tower
45:54 Scout Tower
47:25 Guard Tower
49:53 Town Hall
50:17 Town Hall
51:36 Gryphon Aviary
51:39 Barracks
51:41 Blacksmith
54:00 Farm
54:07 Farm
54:09 Farm
54:10 Farm
54:14 Farm
54:50 Farm
55:40 Farm
61:42 Altar of Kings
72:35 Scout Tower
72:41 Scout Tower
72:45 Scout Tower
72:50 Scout Tower
72:56 Scout Tower
73:02 Scout Tower
73:08 Scout Tower
73:10 Scout Tower
73:11 Scout Tower
73:15 Arcane Tower
73:39 Arcane Tower
73:43 Arcane Tower
73:52 Scout Tower
73:54 Scout Tower
74:00 Arcane Tower
74:20 Arcane Tower
74:23 Arcane Tower
74:45 Arcane Tower
74:47 Arcane Tower
74:56 Scout Tower
75:22 Arcane Tower
85:32 Town Hall
109:00 Keep
111:49 Castle
» items
| Boots of Speed | 2 | |
| Staff of Teleportation | 3 | |
| Scroll of Regeneration | 2 | |
| Healing Salve | 1 | |
| Orb of Lightning | 2 | |
| Staff of Sanctuary | 3 | |
| Mechanical Critter | 1 | |
14 total
butter15 (
green | 74 APM | 11444 actions | 155:24)
10 Blademaster
3 Wind Walk
3 Critical Strike
1 Bladestorm
3 Mirror Image
2 Shadow Hunter
1 Hex
1 Healing Wave
» actions
| Assign group hotkey | 42 | |
| Basic commands | 4 | |
| Build / train | 120 | |
| Enter build submenu | 65 | |
| Enter hero's abilities submenu | 12 | |
| Give item / drop item | 15 | |
| Remove unit from queue | 3 | |
| Right click | 8777 | |
| Select / deselect | 1071 | |
| Select group hotkey | 820 | |
| Use ability | 515 | |
11444 total
» units
| Peon | 13 | |
| Troll Batrider | 47 | |
| Goblin Zeppelin | 3 | |
63 total
» upgrades
| Reinforced Defenses | 1 | |
| Liquid Fire | 1 | |
| Ranged Weapons | 3 | |
| Armor | 3 | |
| Spiked Barricades | 1 | |
| Envenomed Spears | 1 | |
| Troll Regeneration | 1 | |
11 total
» buildings
| Altar of Storms | 2 | |
| Orc Burrow | 8 | |
| Voodoo Lounge | 3 | |
| War Mill | 1 | |
| Watch Tower | 52 | |
| Stronghold | 1 | |
| Fortress | 1 | |
| Beastiary | 3 | |
| Great Hall | 2 | |
| Barracks | 1 | |
74 total
» build order
00:07 Altar of Storms
00:18 Orc Burrow
00:37 Voodoo Lounge
00:42 War Mill
01:55 Watch Tower
01:59 Watch Tower
02:40 Watch Tower
02:42 Watch Tower
03:23 Stronghold
03:41 Watch Tower
04:03 Watch Tower
04:37 Watch Tower
04:39 Watch Tower
05:18 Orc Burrow
05:19 Orc Burrow
05:55 Fortress
06:07 Watch Tower
06:07 Watch Tower
06:16 Watch Tower
06:25 Beastiary
06:27 Beastiary
06:48 Watch Tower
06:50 Watch Tower
07:49 Voodoo Lounge
08:54 Watch Tower
10:25 Watch Tower
10:43 Voodoo Lounge
12:27 Watch Tower
12:28 Watch Tower
13:08 Orc Burrow
14:55 Watch Tower
14:56 Watch Tower
14:58 Watch Tower
16:40 Watch Tower
16:41 Watch Tower
16:41 Watch Tower
16:41 Watch Tower
16:45 Watch Tower
16:47 Watch Tower
16:47 Watch Tower
16:48 Watch Tower
16:48 Watch Tower
16:49 Watch Tower
16:49 Watch Tower
17:50 Watch Tower
17:54 Watch Tower
18:13 Watch Tower
18:25 Watch Tower
26:33 Watch Tower
26:33 Watch Tower
26:34 Watch Tower
26:35 Watch Tower
26:35 Watch Tower
26:36 Watch Tower
26:54 Watch Tower
27:53 Watch Tower
27:54 Watch Tower
27:55 Watch Tower
27:56 Watch Tower
27:57 Watch Tower
27:58 Watch Tower
27:58 Watch Tower
29:14 Great Hall
29:58 Watch Tower
29:59 Watch Tower
30:02 Watch Tower
43:49 Beastiary
43:57 Orc Burrow
44:09 Barracks
93:58 Altar of Storms
94:14 Orc Burrow
94:29 Orc Burrow
95:17 Orc Burrow
136:37 Great Hall
» items
| Healing Salve | 6 | |
| Lesser Clarity Potion | 10 | |
| Boots of Speed | 2 | |
| Staff of Teleportation | 2 | |
| Orb of Lightning | 1 | |
| Mechanical Critter | 2 | |
23 total
NUTSONYOCHIN.de (
yellow | 80 APM | 12464 actions | 155:24)
10 Warden
3 Shadow Strike
3 Blink
1 Spirit of Vengeance
3 Fan of Knives
» actions
| Assign group hotkey | 43 | |
| Basic commands | 83 | |
| Build / train | 108 | |
| ESC pressed | 20 | |
| Enter build submenu | 32 | |
| Enter hero's abilities submenu | 10 | |
| Give item / drop item | 6 | |
| Right click | 8305 | |
| Select / deselect | 906 | |
| Select group hotkey | 1919 | |
| Use ability | 1031 | |
12464 total
» units
| Wisp | 21 | |
| Goblin Zeppelin | 1 | |
| Hippogryph | 17 | |
| Dryad | 20 | |
| Druid of the Talon | 12 | |
71 total
» upgrades
| Ultravision | 1 | |
| Strength of the Wild | 3 | |
| Reinforced Hides | 4 | |
| Nature's Blessing | 1 | |
| Druid of the Talon Training | 2 | |
| Well Spring | 1 | |
| Mark of the Talon | 1 | |
| Abolish Magic | 1 | |
14 total
» buildings
| Altar of Elders | 3 | |
| Moon Well | 19 | |
| Tree of Ages | 1 | |
| Ancient of Wonders | 1 | |
| Hunter's Hall | 1 | |
| Tree of Eternity | 1 | |
| Ancient of Wind | 2 | |
| Tree of Life | 3 | |
| Ancient of Lore | 1 | |
32 total
» build order
00:04 Altar of Elders
00:12 Moon Well
01:22 Moon Well
01:53 Moon Well
04:47 Tree of Ages
06:42 Ancient of Wonders
06:57 Hunter's Hall
07:44 Tree of Eternity
08:24 Ancient of Wind
08:36 Tree of Life
11:00 Moon Well
11:14 Moon Well
11:16 Moon Well
12:14 Tree of Life
19:36 Tree of Life
34:04 Ancient of Lore
34:07 Ancient of Wind
34:11 Moon Well
34:11 Moon Well
34:12 Moon Well
117:05 Moon Well
117:13 Moon Well
117:14 Moon Well
117:15 Moon Well
124:43 Moon Well
124:44 Moon Well
124:54 Altar of Elders
125:09 Moon Well
125:10 Moon Well
125:16 Moon Well
125:22 Moon Well
125:40 Altar of Elders
» items
| Staff of Teleportation | 1 | |
| Boots of Speed | 1 | |
| Dust of Appearance | 1 | |
| Orb of Venom | 1 | |
| Healing Salve | 1 | |
| Lesser Clarity Potion | 2 | |
| Potion of Healing | 1 | |
| Periapt of Vitality | 1 | |
9 total
team 2 (loser)

»
burak (
blue | 122 APM | 18972 actions | 155:04)
9 Death Knight
3 Death Coil
3 Unholy Aura
3 Death Pact
10 Lich
3 Frost Nova
3 Frost Armor
1 Death and Decay
3 Dark Ritual
6 Dark Ranger
3 Silence
2 Life Drain
1 Charm
» actions
| Assign group hotkey | 101 | |
| Basic commands | 144 | |
| Build / train | 173 | |
| ESC pressed | 9 | |
| Enter build submenu | 45 | |
| Enter hero's abilities submenu | 32 | |
| Give item / drop item | 20 | |
| Remove unit from queue | 5 | |
| Right click | 5781 | |
| Select / deselect | 2368 | |
| Select group hotkey | 9887 | |
| Use ability | 406 | |
18972 total
» units
| Acolyte | 42 | |
| Ghoul | 2 | |
| Crypt Fiend | 22 | |
| Obsidian Statue | 7 | |
| Goblin Zeppelin | 5 | |
| Frost Wyrm | 12 | |
90 total
» upgrades
| Web | 1 | |
| Creature Attack | 3 | |
| Burrow | 1 | |
| Destroyer Form | 1 | |
| Creature Carapace | 3 | |
| Freezing Breath | 1 | |
10 total
» buildings
| Graveyard | 1 | |
| Crypt | 1 | |
| Ziggurat | 17 | |
| Altar of Darkness | 1 | |
| Tomb of Relics | 1 | |
| Nerubian Tower | 3 | |
| Halls of the Dead | 1 | |
| Black Citadel | 1 | |
| Necropolis | 4 | |
| Spirit Tower | 10 | |
| Slaughterhouse | 1 | |
| Sacrificial Pit | 3 | |
| Boneyard | 2 | |
46 total
» build order
00:10 Graveyard
00:18 Crypt
00:43 Ziggurat
00:59 Altar of Darkness
01:17 Tomb of Relics
02:07 Ziggurat
02:58 Nerubian Tower
04:05 Halls of the Dead
05:02 Ziggurat
07:12 Black Citadel
07:16 Necropolis
09:02 Spirit Tower
09:18 Ziggurat
09:19 Spirit Tower
10:15 Slaughterhouse
11:16 Ziggurat
11:17 Ziggurat
12:01 Ziggurat
12:56 Nerubian Tower
12:56 Spirit Tower
13:08 Spirit Tower
15:57 Sacrificial Pit
17:09 Necropolis
17:24 Spirit Tower
19:58 Sacrificial Pit
19:59 Sacrificial Pit
20:01 Ziggurat
20:04 Ziggurat
20:04 Ziggurat
20:59 Spirit Tower
20:59 Spirit Tower
22:45 Ziggurat
22:46 Ziggurat
23:42 Nerubian Tower
23:43 Spirit Tower
26:55 Spirit Tower
29:10 Boneyard
34:00 Boneyard
51:26 Necropolis
51:28 Ziggurat
51:51 Ziggurat
118:16 Ziggurat
118:50 Ziggurat
136:01 Spirit Tower
144:50 Necropolis
147:02 Ziggurat
» items
| Rod of Necromancy | 3 | |
| Potion of Lesser Invulnerability | 2 | |
| Dust of Appearance | 1 | |
| Potion of Healing | 7 | |
| Scroll of Town Portal | 7 | |
| Orb of Corruption | 1 | |
| Scroll of Healing | 2 | |
| Staff of Teleportation | 1 | |
24 total

»
Ojapierdole (
purple | 94 APM | 13687 actions | 145:23)
8 Blademaster
3 Wind Walk
3 Critical Strike
1 Bladestorm
1 Mirror Image
3 Shadow Hunter
2 Hex
1 Healing Wave
» actions
| Assign group hotkey | 184 | |
| Basic commands | 120 | |
| Build / train | 308 | |
| ESC pressed | 28 | |
| Enter build submenu | 65 | |
| Enter hero's abilities submenu | 11 | |
| Give item / drop item | 7 | |
| Remove unit from queue | 11 | |
| Right click | 8200 | |
| Select / deselect | 1711 | |
| Select group hotkey | 1968 | |
| Use ability | 1074 | |
13687 total
» units
| Peon | 73 | |
| Grunt | 2 | |
| Wind Rider | 2 | |
| Shaman | 12 | |
| Spirit Walker | 10 | |
| Tauren | 10 | |
| Troll Witch Doctor | 15 | |
| Demolisher | 13 | |
| Troll Batrider | 65 | |
| Goblin Zeppelin | 2 | |
204 total
» upgrades
| Spirit Walker Training | 2 | |
| Shaman Training | 2 | |
| Pulverize | 1 | |
| Pillage | 1 | |
| Armor | 3 | |
| Reinforced Defenses | 1 | |
| Witch Doctor Training | 2 | |
| Ranged Weapons | 3 | |
| Melee Weapons | 2 | |
| Burning Oil | 1 | |
| Troll Regeneration | 1 | |
| Berserker Upgrade | 1 | |
| Liquid Fire | 1 | |
| Spiked Barricades | 2 | |
| Backpack | 1 | |
24 total
» buildings
| Altar of Storms | 1 | |
| Orc Burrow | 14 | |
| Voodoo Lounge | 2 | |
| Barracks | 2 | |
| Stronghold | 1 | |
| War Mill | 1 | |
| Fortress | 1 | |
| Beastiary | 2 | |
| Spirit Lodge | 1 | |
| Watch Tower | 26 | |
| Tauren Totem | 4 | |
| Great Hall | 5 | |
60 total
» build order
00:09 Altar of Storms
00:12 Orc Burrow
00:50 Voodoo Lounge
01:28 Barracks
01:54 Orc Burrow
03:32 Stronghold
05:53 War Mill
07:21 Fortress
07:23 Beastiary
07:26 Spirit Lodge
08:45 Orc Burrow
08:47 Orc Burrow
09:07 Watch Tower
10:14 Tauren Totem
12:36 Great Hall
12:47 Watch Tower
12:49 Orc Burrow
14:10 Watch Tower
14:20 Watch Tower
14:34 Orc Burrow
14:36 Watch Tower
15:23 Orc Burrow
17:25 Watch Tower
17:29 Watch Tower
17:34 Watch Tower
17:36 Watch Tower
22:11 Tauren Totem
22:11 Tauren Totem
22:28 Tauren Totem
28:01 Orc Burrow
30:30 Watch Tower
30:31 Watch Tower
30:32 Watch Tower
30:35 Great Hall
30:44 Orc Burrow
31:42 Watch Tower
37:33 Watch Tower
40:04 Watch Tower
42:09 Voodoo Lounge
42:13 Barracks
51:50 Great Hall
54:40 Orc Burrow
54:43 Watch Tower
54:59 Orc Burrow
55:02 Watch Tower
55:02 Watch Tower
65:21 Great Hall
65:26 Watch Tower
65:29 Watch Tower
93:57 Beastiary
94:31 Great Hall
94:35 Watch Tower
94:51 Watch Tower
118:15 Watch Tower
118:18 Watch Tower
118:31 Orc Burrow
118:34 Orc Burrow
120:20 Orc Burrow
121:48 Watch Tower
121:49 Watch Tower
» items
| Healing Salve | 7 | |
| Lesser Clarity Potion | 20 | |
| Circlet of Nobility | 2 | |
| Boots of Speed | 5 | |
| Dust of Appearance | 4 | |
| Potion of Healing | 3 | |
| Orb of Lightning | 1 | |
| Scroll of Town Portal | 5 | |
| Scroll of Speed | 3 | |
| Potion of Lesser Invulnerability | 1 | |
| Periapt of Vitality | 1 | |
52 total

»
Wiesniak (
teal | 16 APM | 2517 actions | 155:24)
2 Demon Hunter
1 Mana Burn
1 Evasion
1 Shadow Hunter
1 Healing Wave
» actions
| Assign group hotkey | 105 | |
| Build / train | 60 | |
| Enter build submenu | 39 | |
| Enter hero's abilities submenu | 3 | |
| Remove unit from queue | 6 | |
| Right click | 1410 | |
| Select / deselect | 730 | |
| Select group hotkey | 92 | |
| Use ability | 72 | |
2517 total
» units
| Wisp | 20 | |
| Hippogryph | 7 | |
| Chimaera | 10 | |
37 total
» upgrades
| Corrosive Breath | 1 | |
| Reinforced Hides | 2 | |
| Strength of the Wild | 1 | |
| Well Spring | 0 | |
4 total
» buildings
| Altar of Elders | 2 | |
| Moon Well | 10 | |
| Ancient of War | 1 | |
| Tree of Ages | 2 | |
| Hunter's Hall | 2 | |
| Ancient of Wonders | 1 | |
| Tree of Eternity | 1 | |
| Ancient of Lore | 1 | |
| Ancient of Wind | 1 | |
| Chimaera Roost | 2 | |
| Tree of Life | 5 | |
28 total
» build order
00:07 Altar of Elders
00:25 Moon Well
00:53 Ancient of War
02:10 Moon Well
03:17 Tree of Ages
03:36 Hunter's Hall
04:22 Hunter's Hall
04:46 Moon Well
05:49 Ancient of Wonders
06:11 Tree of Eternity
06:51 Ancient of Lore
07:46 Ancient of Wind
08:54 Chimaera Roost
10:15 Chimaera Roost
10:58 Moon Well
11:49 Moon Well
12:48 Moon Well
14:11 Moon Well
15:10 Moon Well
20:58 Tree of Life
24:46 Tree of Life
25:12 Tree of Life
27:17 Tree of Life
29:02 Moon Well
29:56 Altar of Elders
31:04 Moon Well
69:44 Tree of Life
» items
| Staff of Preservation | 1 | |
| Orb of Venom | 1 | |
2 total
Chat log
(01:10 / All) butter15: hi . .
(01:19 / All) Ojapierdole: CZE
(01:35 / All) NUTSONYOCHIN.de: hi
(03:48 / All) Ojapierdole: nice mh
(03:57 / All) BananaReward: are u serious
(04:01 / All) Ojapierdole: yep
(04:13 / All) BananaReward: Is this the game sense you live with
(04:23 / All) BananaReward: you need MH to predict a bm going to shop
(04:25 / All) Ojapierdole: play not talk
(04:26 / All) BananaReward: do you even play this game?
(04:29 / All) butter15: talk pls
(04:40 / All) BananaReward: chat w us
(05:51 / All) BananaReward: see yua
(11:58 / All) butter15: blue
(11:58 / All) NUTSONYOCHIN.de: 1 sec pls
(12:07 / All) Ojapierdole: ask then stop
(12:09 / All) Ojapierdole: next time
(12:12 / All) BananaReward: blue is noob
(12:12 / All) NUTSONYOCHIN.de: pls stop
(12:22 / All) NUTSONYOCHIN.de: i ask but you say no???
(12:28 / All) burak: your ally
(12:30 / All) burak: is nomanner
(12:32 / All) burak: so no
(12:33 / All) NUTSONYOCHIN.de: PLEASE
(12:40 / All) Ojapierdole: report me :)
(12:47 / All) butter15: what
(12:49 / All) NUTSONYOCHIN.de: i report you to noob police
(19:42 / All) butter15: lol
(32:55 / All) butter15: hej!
(32:57 / All) butter15: ty blue
(32:59 / All) butter15: you're shit
(41:10 / All) butter15: careful
(41:12 / All) butter15: you're dying
(43:09 / Allies) NUTSONYOCHIN.de: peons
(43:38 / Allies) butter15: oops
(43:42 / Allies) butter15: where
(44:46 / Allies) butter15: i misclick res and make wardman
(44:46 / Allies) butter15: ok
(44:51 / Allies) BananaReward: hell yes
(59:15 / All) NUTSONYOCHIN.de: fyuck u
(65:14 / All) NUTSONYOCHIN.de: pause pls?
(65:17 / All) NUTSONYOCHIN.de: 1 sec thx
(65:18 / All) BananaReward: me too I think you'll lose before eternity is over
(65:20 / All) BananaReward: what!!
(65:22 / All) BananaReward: we requested!
(65:25 / All) BananaReward: My liege!
(65:29 / All) BananaReward: bring a halt to these proceedings
(65:34 / All) BananaReward: bring some manner to these heathens
(66:45 / Allies) butter15: im back
(66:56 / Allies) butter15: i have my men
(67:01 / Allies) butter15: will vent in 2 min
(67:24 / Allies) butter15: what happened to bottom right
(67:30 / Allies) NUTSONYOCHIN.de: ud
(67:31 / Allies) BananaReward: no towers, just for fun
(67:32 / Allies) BananaReward: got 5k
(67:39 / Allies) butter15: whoa cool
(67:45 / Allies) butter15: let's take bot left
(74:51 / All) Ojapierdole: u know
(74:57 / All) BananaReward: that we are the best
(74:58 / All) Ojapierdole: using maphack in such obvious way
(75:01 / All) Ojapierdole: sucks a lot
(75:02 / All) BananaReward: lmao
(75:02 / All) Ojapierdole: no
(75:03 / All) butter15: lol
(75:08 / All) Ojapierdole: u r lil ger kids
(75:10 / All) Ojapierdole: fapping to pcs
(75:14 / All) NUTSONYOCHIN.de: only hackers do that
(75:29 / All) NUTSONYOCHIN.de: czechmate u piece of sh1t
(75:36 / All) Ojapierdole: .de?
(75:37 / All) BananaReward: sorry clan towa is pure and clean hack free... you may confirm at www.highper.ch
(75:40 / All) Ojapierdole: nazi lover
(79:58 / All) butter15: gg
(120:49 / All) NUTSONYOCHIN.de: why do you have 3 burrows there
(120:55 / All) Ojapierdole: cos i like
(123:02 / All) butter15: lol
(123:51 / All) NUTSONYOCHIN.de: when did you guys realize you lost this game
(124:06 / All) NUTSONYOCHIN.de: was it when you let us get our expansions up, because i think thats when you lost
(129:12 / All) NUTSONYOCHIN.de: whats eta on ud unsummon
(129:16 / All) NUTSONYOCHIN.de: final desperation
(129:31 / All) Ojapierdole: u should use
(129:36 / All) Ojapierdole: simplier
(132:57 / All) NUTSONYOCHIN.de: 32/30
(133:13 / All) Ojapierdole: id like to have such powerful mh like u have :)
(133:18 / All) NUTSONYOCHIN.de: 34??
(133:21 / All) BananaReward: you mean reveal towers?
(133:23 / All) BananaReward: sorry hu only
(133:30 / All) BananaReward: not for noob undead players
(133:34 / All) NUTSONYOCHIN.de: pick hu get arcane sanctum get upg its 50/50 and takes 30s
(133:57 / All) Ojapierdole: and that's the way u see my food?
(133:58 / All) Ojapierdole: XD
(134:01 / All) BananaReward: no
(134:03 / All) Ojapierdole: funny knedliczki
(134:04 / All) BananaReward: we count your food
(134:09 / All) BananaReward: 5 for a hero
(134:11 / Allies) BananaReward: 4 for a catapult
(134:12 / All) NUTSONYOCHIN.de: one burrow 2 mains
(134:20 / All) Ojapierdole: how u r so sure bout my army?
(134:23 / All) NUTSONYOCHIN.de: 2 heroes 2 smart cows 2 tauren 3-4 caster? i forget
(134:25 / All) BananaReward: we
(134:33 / All) BananaReward: fight your army a lot
(134:41 / All) BananaReward: and reveal it
(134:47 / All) BananaReward: you see those magical sparklies??
(134:50 / All) BananaReward: like now?
(134:54 / All) NUTSONYOCHIN.de: what's wrong with you
(134:54 / All) BananaReward: it's us looking at you
(135:03 / All) BananaReward: we see you!!
(135:10 / All) NUTSONYOCHIN.de: one main
(135:18 / All) BananaReward: speed scroll!!
(136:10 / All) NUTSONYOCHIN.de: lord dorkscythe gonna DKIE
(136:25 / All) BananaReward: we see!!!
(136:30 / All) BananaReward: we still see!
(136:45 / All) NUTSONYOCHIN.de: why make tauren against island towerds
(138:51 / All) butter15: gg
(139:02 / All) butter15: kiss my feet
(140:05 / All) butter15: do you think we can'
(140:08 / All) butter15: t kill you
(141:01 / All) butter15: cya
(145:26 / All) NUTSONYOCHIN.de: bye
(145:42 / All) butter15: of course trash noob undead is last
(151:41 / All) butter15: now i will kill your trash heroes and laugh @ their hell graves
(151:56 / All) butter15: "hell yeah" i say as your fami.lies cry
(154:47 / All) butter15: is this a nightmare or is this ur shit noob life